Construct Section Command Post
Construct Platoon Command Post
Construct Field Infirmary
Selects Heavy Armor Battlegroup
Selects Light Vehicle Withdraw and Refit
Light Vehicle Withdraw and Refit
Construct Company Command Post
Unlock Bishop Self-propelled Artillery
Bishop Self-propelled Artillery
Selects Rigorous Vehicle Training
Bishop Self-propelled Artillery
Selects Crusader AA Medium Tank
Unlock M3 Grant Medium Tanks